 Dungeon Crawl Stone Soup version 0.31.0-12-g77e489cdc1 (webtiles) character file.

Game seed: 16749386442721016370

1215 Curundu the Chopper (level 8, 0/105 HPs)
             Began as a Minotaur Berserker on Mar 3, 2024.
             Was an Elder of Trog.
             Succumbed to a killer bee's poison
             ... on level 6 of the Dungeon.
             The game lasted 00:15:48 (4693 turns).

Curundu the Chopper (Minotaur Berserker)            Turns: 4693, Time: 00:15:49

Health: 0/105      AC: 24    Str: 25    XL:     8   Next: 22%
Magic:  7/7        EV:  2    Int:  4    God:    Trog [****..]
Gold:   189        SH: 10    Dex:  9    Spells: 7/7 levels left

rFire   . . .        a - +0 hand axe
rCold   . . .        g - +0 buckler
rNeg    . . .        c - melded +0 plate armour
rPois   +            (helmet currently unavailable)
rElec   .            r - melded +0 cloak
rCorr   .            B - melded +0 pair of gloves
SInv    .            o - melded +1 pair of boots
Will    .....        k - amulet of reflection
Stlth   +            (no ring)
HPRegen 0.37/turn    (no ring)
MPRegen 0.10/turn

%: reflection
@: lethally poisoned (0 -> -5), tree-form
A: stationary, stasis, torment immunity, boosted hp, (horns 2), (retaliatory
headbutt)
a: Renounce Religion, Berserk, Trog's Hand, Brothers in Arms


You were on level 6 of the Dungeon.
You worshipped Trog.
Trog was greatly pleased with you.
You were a tree.
You visited 1 branch of the dungeon, and saw 7 of its levels.

You collected 189 gold pieces.

Inventory:

Hand Weapons
 a - a +0 hand axe (weapon)
Missiles
 j - 3 boomerangs (quivered)
Armour
 c - a +0 plate armour (melded)
 g - a +0 buckler (worn)
 o - a +1 pair of boots (melded)
 r - a +0 cloak (melded)
 B - a +0 pair of gloves (melded)
Jewellery
 k - an amulet of reflection (around neck)
 n - an amulet of guardian spirit
 t - a ring of protection from cold
 u - a ring of magical power
Wands
 q - a wand of flame (17)
 v - a wand of polymorph (7)
 A - a wand of mindburst (22)
Scrolls
 b - 4 scrolls of fog
 d - 3 scrolls of teleportation
 i - 2 scrolls of acquirement {unknown}
 w - a scroll of vulnerability {unknown}
 x - a scroll of noise {unknown}
 y - a scroll of enchant weapon {unknown}
Potions
 f - a potion of mutation
 m - a potion of enlightenment
 p - 2 potions of magic
 s - a potion of degeneration


   Skills:
 + Level 5.6 Fighting
 + Level 7.5 Axes
 * Level 6.1 Armour
 + Level 3.5 Dodging
 * Level 5.8 Shields


You had 7 spell levels left.
You didn't know any spells.
Your spell library was empty.

Dungeon Overview and Level Annotations

Branches:
Dungeon (7/15)
 Temple: D:4-7

Altars:
Xom
Zin


Innate Abilities, Weirdness & Mutations

You are a tree.
Your roots penetrate the ground, keeping you stationary.
You cannot be teleported.
You are immune to unholy pain and torment.
Your maximum health is greatly increased.
Your equipment is partially melded.
((You have a pair of horns on your head.))
((You reflexively headbutt those who attack you in melee.))


Message History

The killer bee is heavily wounded.
You miss the killer bee.
You feel sick.
The killer bee stings you but does no damage. x4
You hit the killer bee.
The killer bee is heavily wounded.
You miss the killer bee.
You feel sick.
The killer bee stings you but does no damage. x4
You hit the killer bee but do no damage.
The killer bee is heavily wounded.
You miss the killer bee.
Your skin stops crawling.
You feel less strong-willed. You block the killer bee's attack.
The killer bee stings you but does no damage. x2
The killer bee stings you!
* * * LOW HITPOINT WARNING * * *
You barely miss the killer bee.
The killer bee is heavily wounded.
You hit the killer bee.
You kill the killer bee!
Trog accepts your kill.
You feel sick.
The killer bee stings you but does no damage.
The killer bee stings you.
* * * LOW HITPOINT WARNING * * *
You are lethally poisoned!
The killer bee poisons you!
You closely miss the killer bee.
The killer bee is heavily wounded.
* * * LOW HITPOINT WARNING * * *
You feel sick. You block the killer bee's attack. x2
You miss the killer bee.
The killer bee is heavily wounded.
* * * LOW HITPOINT WARNING * * *
You feel sick. The killer bee barely misses you.
The killer bee stings you but does no damage.
Unknown command.
You slash the killer bee!
You kill the killer bee!
Trog accepts your kill.
You can now call in reinforcements.
You die...

≈.≈≈≈≈.≈..#
≈(≈♣[≈.≈..#...........#
≈.≈≈.≈.≈..#...........#
≈....≈.≈..#...........#
≈≈≈≈≈≈.≈..#...........#
.......≈..# ..........#
.......)..####........#
########'##..#........#
# #.......#)†♣.....# #
#.....[.#[))....?# #
#.####'##.(......# #
#.#.........###### #
..#.........# # ..
+.........# # ...
#.........# #
#.........# .
#####'####..


There were no monsters in sight!

Vanquished Creatures
  A troll (D:5)
  2 ogres (D:6)
  2 kobold brigands (D:6)
  2 killer bees (D:6)
  2 hounds (D:5)
  2 orc priests (D:3)
  A jelly (D:5)
  Crazy Yiuf (D:4)
  A gnoll bouda (D:5)
  2 iguanas (D:5)
  A sleepcap (D:6)
  5 orc wizards
  5 adders
  9 river rats (D:5)
  2 ufetubi (D:5)
  4 dart slugs
  A ribbon worm (D:2)
  20 orcs
  10 endoplasms
  2 giant cockroaches
  4 goblins
  4 hobgoblins
  9 jackals
  10 quokkas
  7 ball pythons
  4 bats
  5 frilled lizards
  14 kobolds
  16 rats
148 creatures vanquished.

Notes
Turn   | Place    | Note
-------+----------+-------------------------------------------
     0 | D:1      | Curundu the Minotaur Berserker began the quest for the Orb.
     0 | D:1      | Reached XP level 1. HP: 19/19 MP: 0/0
   210 | D:1      | Reached skill level 4 in Axes
   210 | D:1      | Reached XP level 2. HP: 27/27 MP: 1/1
   503 | D:1      | Reached ** piety under Trog
   792 | D:2      | Reached XP level 3. HP: 32/33 MP: 2/2
   800 | D:2      | Reached skill level 1 in Shields
  1045 | D:2      | Reached XP level 4. HP: 40/41 MP: 3/3
  1671 | D:3      | Reached skill level 5 in Axes
  1681 | D:3      | Reached XP level 5. HP: 12/47 MP: 4/4
  2055 | D:4      | Found a glowing silver altar of Zin.
  2474 | D:4      | Found a runed translucent door.
  2475 | D:4      | Noticed Crazy Yiuf
  2482 | D:4      | Killed Crazy Yiuf
  2976 | D:4      | Found a shimmering altar of Xom.
  3063 | D:5      | Entered Level 5 of the Dungeon
  3179 | D:5      | Reached XP level 6. HP: 52/55 MP: 5/5
  3268 | D:5      | Reached *** piety under Trog
  3434 | D:5      | Noticed a troll
  3447 | D:5      | HP: 3/82 [troll (4)]
  3449 | D:5      | Killed a troll
  3450 | D:5      | Reached skill level 5 in Fighting
  3450 | D:5      | Reached skill level 6 in Axes
  3450 | D:5      | Reached skill level 5 in Armour
  3450 | D:5      | Reached XP level 7. HP: 4/61 MP: 6/6
  3874 | D:5      | You fall into a shaft and drop 2 floors!
  4362 | D:6      | Reached skill level 7 in Axes
  4444 | D:6      | Reached skill level 5 in Shields
  4524 | D:6      | Reached XP level 8. HP: 45/69 MP: 7/7
  4690 | D:6      | HP: 4/103 [killer bee (6)]
  4692 | D:6      | HP: 1/105 [poisoned by a killer bee]
  4693 | D:6      | Reached **** piety under Trog
  4693 | D:6      | Succumbed to a killer bee's poison

Illustrated notes

Levels and vault maps discovered:
D:1:      mrwooster_arrival_statue_3, layout_loops_cross
D:2:      layout_basic, kennysheep_generic_room_8
D:3:      layout_rooms
D:4:      layout_basic, mainiacjoe_overflow_24_doors, kennysheep_little_box,
          small_statue_intersection, grunt_decor_mini_mirrors,
          uniq_crazy_yiuf_cottage
D:5:      lemuel_ratsnest, layout_basic
D:6:      wander_river, layout_gridville, grunt_gozag_breadcrumbs,
          kennysheep_small_spiral
D:7:      layout_basic, yredelemnul_altar_generic,
          minmay_temple_entry_statues_pillars

Skill      XL: |  1  2  3  4  5  6  7  8 |
---------------+-------------------------+-----
Axes           | 4 5 6 7 |  7.5
Fighting       | 4 5 |  5.6
Shields        | 1 2 3 5 |  5.8
Armour         | 3 4 5 6 |  6.1
Dodging        | 3 |  3.5

Action                     |  1- 3 |  4- 6 |  7- 9 || total
---------------------------+-------+-------+-------++-------
  Melee: Hand axe          |    62 |   127 |   184 ||   373
         Headbutt          |     5 |    13 |    29 ||    47
 Invoke: Trog's Hand       |     1 |     4 |     1 ||     6
         Berserk           |     1 |     2 |       ||     3
    Use: Scroll            |       |       |     7 ||     7
         Potion            |       |       |     1 ||     1
 Armour: Animal skin       |    13 |       |       ||    13
         Chain mail        |    28 |     5 |       ||    33
         Swamp dragon scal |       |    86 |    60 ||   146
         Plate armour      |       |       |    63 ||    63
         Skin              |       |       |    17 ||    17
  Dodge: Dodged            |    31 |    52 |    64 ||   147
  Block: Buckler           |    10 |    44 |   105 ||   159
         Reflection        |       |     1 |     5 ||     6
